 Dungeon Crawl Stone Soup version 0.29-a0-495-g17b79114eb (webtiles) character file.

Game seed: 10858520662580266574

110 bande the Shield-Bearer (level 4, -5/43 HPs)
             Began as a Gargoyle Fighter on May 28, 2022.
             Slain by an iguana (7 damage)
             ... on level 4 of the Dungeon.
             The game lasted 00:05:36 (2602 turns).

bande the Shield-Bearer (Gargoyle Fighter)          Turns: 2602, Time: 00:05:37

Health: -5/43      AC: 10    Str: 19    XL:     4   Next: 91%
Magic:  4/4        EV:  9    Int:  9    God:
Gold:   190        SH:  4    Dex: 11    Spells: 3/3 levels left

rFire   . . .      SeeInvis .   o - +1 hand axe (flame)
rCold   + . .      Faith    .   c - +0 buckler
rNeg    + . .      Spirit   .   b - +0 scale mail
rPois   ∞          Reflect  .   (no helmet)
rElec   +          Harm     .   (no cloak)
rCorr   .          Rampage  .   (no gloves)
Will    .....                   (no boots)
Stlth   ..........              (no amulet)
HPRegen 0.14/turn               f - ring of protection from cold
MPRegen 0.09/turn               (no ring)

@: brilliant, berserking, very quick
A: sickness immunity, AC +3, negative energy resistance 1, electricity
resistance, torment resistance 1, petrification resistance
a: no special abilities


You were on level 4 of the Dungeon.
You visited 1 branch of the dungeon, and saw 4 of its levels.

You collected 190 gold pieces.

Inventory:

Hand Weapons
 a - a +0 war axe
 o - a +1 hand axe of flaming (weapon)
Armour
 b - a +0 scale mail (worn)
 c - a +0 buckler (worn)
Jewellery
 f - a ring of protection from cold (left hand)
Scrolls
 e - a scroll of magic mapping {unknown}
 i - 2 scrolls of enchant weapon {unknown}
 j - 2 scrolls of identify {unknown}
 k - 2 scrolls of vulnerability {unknown}
 l - a scroll of poison {unknown}
 m - a scroll of teleportation {unknown}
Potions
 d - a potion of might
 h - a potion of brilliance
 n - a potion of flight {unknown}


   Skills:
 + Level 3.7 Fighting
 + Level 3.3 Axes
 + Level 3.8 Armour
 + Level 4.1 Shields


You had 3 spell levels left.
You didn't know any spells.
Your spell library contained the following spells:

 Spells                   Type           Power      Damage    Failure   Level
 Beastly Appendage        Tmut           0%         N/A       83%         1
 Wereblood                Tmut           0%         N/A       93%         2
 Spider Form              Tmut/Pois      0%         N/A       99%         3


Dungeon Overview and Level Annotations

Branches:
Dungeon (4/15)
 Temple: D:4-7

Altars:
Elyvilon
Gozag


Innate Abilities, Weirdness & Mutations

You are immune to sickness and miasma.
Your stone body is resilient. (AC +3)
You are immune to poison.
You resist negative energy. (rN+)
You are resistant to electric shocks. (rElec)
You are resistant to unholy torment.
You are immune to petrification.


Message History

The iguana hisses angrily.
Found a stone staircase leading down.
The iguana bites you but does no damage.
You barely miss the iguana. You block the iguana's attack.
You barely miss the iguana. You block the iguana's attack.
You closely miss the iguana. The iguana bites you!
You closely miss the iguana. The iguana closely misses you.
You hit the iguana. You burn the iguana.
The iguana is lightly wounded.
The iguana barely misses you. The iguana bites you.
You closely miss the iguana.
The iguana is lightly wounded.
The iguana bites you!
You are too injured to fight recklessly!
You are too injured to fight recklessly!
You are too injured to fight recklessly!
You are too injured to fight recklessly!
You are too injured to fight recklessly!
You hit the iguana but do no damage.
The iguana is lightly wounded.
The iguana bites you!
* * * LOW HITPOINT WARNING * * *
You closely miss the iguana. The iguana closely misses you.
You hit the iguana. You burn the iguana.
The iguana is moderately wounded.
The iguana barely misses you.
It was a potion of brilliance.
You feel clever all of a sudden. You block the iguana's attack.
It was a potion of berserk rage.
A red film seems to cover your vision as you go berserk!
You feel yourself moving faster!
You feel mighty! The iguana completely misses you.
You hit the iguana. You burn the iguana.
The iguana is heavily wounded.
The iguana barely misses you.
You barely miss the iguana.
The iguana is heavily wounded.
The iguana bites you!
You die...

##.####.#..#.....#..#.
#.......#..#+###+#..#.
#######.#..# #..#.
#####...+##+ +##+
#.....#.# +.###..#.#
#..#.###+# #..l......
###>###.@#.####
.........#.#
#........#.#
.......[...
#........###
###...#### ####


You could see an iguana.

Vanquished Creatures
  Jessica (D:3)
  3 dart slugs
  8 orcs (D:3)
  5 ball pythons
  7 endoplasms
  3 giant cockroaches
  10 goblins
  4 hobgoblins
  4 jackals
  4 kobolds
  A quokka (D:1)
  3 bats
  A frilled lizard (D:1)
  9 rats
63 creatures vanquished.

Notes
Turn   | Place    | Note
-------+----------+-------------------------------------------
     0 | D:1      | bande the Gargoyle Fighter began the quest for the Orb.
     0 | D:1      | Reached XP level 1. HP: 14/14 MP: 1/1
    35 | D:1      | Found a faded altar of an unknown god.
   107 | D:1      | Reached XP level 2. HP: 19/19 MP: 2/2
   684 | D:1      | Reached XP level 3. HP: 23/23 MP: 3/3
  1666 | D:3      | Reached XP level 4. HP: 28/28 MP: 4/4
  1698 | D:3      | Noticed Jessica
  1706 | D:3      | Killed Jessica
  1707 | D:3      | Reached skill level 4 in Shields
  2127 | D:3      | Found an opulent altar of Gozag.
  2559 | D:4      | Found a white marble altar of Elyvilon.
  2596 | D:4      | HP: 1/29 [iguana (10)]
  2602 | D:4      | Slain by an iguana

Illustrated notes

Levels and vault maps discovered:
D:1:      minmay_arrival_stair_chambers, layout_basic, basic_ecumenical_altar
D:2:      layout_basic
D:3:      layout_basic, lemuel_tele_altar, uniq_jessica
D:4:      nicolae_cairo_tiling_very_big, layout_loops_ring,
          nicolae_overflow_hallway_of_the_gods, mainiacjoe_overflow_24_doors,
          minivault_4, nrook_mini_backslash, uniq_robin

Skill      XL: |  1  2  3  4 |
---------------+-------------+-----
Axes           | 2 3 |  3.3
Shields        | 4 |  4.1
Fighting       | |  3.7
Armour         | |  3.8

Action                   |  1- 3 |  4- 6 || total
-------------------------+-------+-------++-------
Melee: War axe           |   116 |    34 ||   150
       Hand axe          |       |    14 ||    14
  Use: Potion            |       |     2 ||     2
Armor: Scale mail        |    60 |    14 ||    74
Dodge: Dodged            |    65 |    19 ||    84
Block: Buckler           |    26 |    10 ||    36

Table legend: (Time is in decaauts)
 A = Elapsed time spent in this place.
 B = Non-inter-level travel time spent in this place.
 C = Inter-level travel time spent in this place.
 D = Time resting spent in this place.
 E = Time spent auto-exploring this place.
 F = Levels seen in this place.
 G = Mean time per level.
                   A        B        C        D        E       F      G
               +--------+--------+--------+--------+--------+-----+--------+
         Total |   2670 |   2500 |    170 |      0 |   2005 |   4 |  667.5 |
       Dungeon |   2670 |   2500 |    170 |      0 |   2005 |   4 |  667.5 |
               +--------+--------+--------+--------+--------+-----+--------+

Top non-repeatable levels by time:
     D:3: 968 daAuts
     D:1: 850 daAuts
     D:2: 758 daAuts
     D:4: 93 daAuts
